AoeStats
← Pets_T饕

Arena

510106790Analyzed
4v4 RM · 3d ago on Sep 29, 2026· 77m 26s· 8 players
Game mode
Random Map
Map size
Large (8 player)
Population
200
Speed
Normal
Resources
Standard
Victory
Conquest
Starting age
Dark Age
Ending age
Imperial Age
RankedLock teamsTeams togetherTeam positionsShared explorationLock speedFull tech treeHidden civsTurbo modeCheats
Victory
Defeat
🇨🇳 Turks · China
958
+13
🇨🇳 Spanish · China
955
+13
🇹🇷 Huns · Türkiye
933
+14
🇨🇳 Britons · China
870
+18
🇹🇼 Danes · Taiwan
951
-16
🇨🇳 Cumans · China
885
-14
🇹🇼 Jurchens · Taiwan
878
-14
🇦🇷 Franks · Argentina
874
-14
救不了你
11:17 Feudal Age
15:20 Castle Age
13:08 Double-Bit Axe
13:21 Horse Collar
14:25 Gold Mining
14:36 Stone Mining
16:48 Bow Saw
16:32 Loom
17:18 Heavy Plow
19:58 Wheelbarrow
22:47 Fletching
23:54 Thumb Ring
24:15 Bodkin Arrow
26:17 Hand Cart
30:04 Imperial Age
28:14 Scale Barding Armor
28:09 Scale Mail Armor
28:19 Forging
29:26 Ballistics
28:57 Heated Shot
29:03 Arson
30:45 Bracer
32:25 Chemistry
31:32 Siege Engineers
33:35 Pikeman
34:15 Squires
34:01 Gambesons
34:38 Halberdier
34:52 Cranequins
36:21 Heavy Mounted Crossbowman
38:32 Scale Mail Armor
38:43 Forging
38:53 Chain Barding Armor
38:34 Padded Archer Armor
47:25 Iron Casting
55:04 Husbandry
55:15 Bloodlines
54:25 Light Cavalry
61:42 Hamask
62:44 Conscription
西岸大法咒
12:04 Feudal Age
16:21 Castle Age
14:36 Horse Collar
15:20 Double-Bit Axe
15:59 Loom
23:37 Heavy Plow
24:15 Bow Saw
25:03 Wheelbarrow
25:51 Town Watch
26:25 Hand Cart
26:38 Gold Mining
30:45 Imperial Age
28:47 Pikeman
29:28 Squires
29:13 Arson
29:33 Scale Mail Armor
29:39 Scale Barding Armor
29:45 Forging
31:20 Chain Mail Armor
31:26 Chain Barding Armor
31:44 Coinage
31:18 Halberdier
32:53 Iron Casting
33:06 Gold Shaft Mining
34:45 Two-Man Saw
34:40 Plate Barding Armor
34:47 Husbandry
34:58 Bloodlines
34:09 Light Cavalry
35:32 Banking
35:09 Elite Iron Pagoda
37:27 Blast Furnace
36:45 Hussar
38:11 Crop Rotation
38:00 Fortified Wall
38:01 Stone Mining
39:59 Stone Shaft Mining
摘星怪
11:14 Feudal Age
15:19 Castle Age
13:38 Double-Bit Axe
14:08 Horse Collar
17:30 Bow Saw
17:23 Loom
21:14 Wheelbarrow
21:01 Stone Mining
22:01 Gold Mining
23:21 Heavy Plow
26:44 Hand Cart
28:29 Gold Shaft Mining
28:45 Town Watch
33:22 Imperial Age
31:47 Fletching
31:57 Padded Archer Armor
32:01 Steppe Husbandry
32:15 Masonry
32:26 Ballistics
33:00 Bloodlines
32:10 Light Cavalry
33:03 Town Patrol
33:14 Bodkin Arrow
34:35 Conscription
34:38 Leather Archer Armor
34:30 Scale Barding Armor
35:29 Chemistry
34:29 Hussar
34:47 Pikeman
35:28 Squires
35:59 Forging
36:23 Ring Archer Armor
36:03 Forging
36:25 Parthian Tactics
35:40 Capped Ram
38:11 Chain Barding Armor
37:25 Elite Kipchak
40:09 Elite Steppe Lancer
42:13 Iron Casting
43:08 Siege Ram
44:45 Halberdier
46:41 Cuman Mercenaries
57:57 Blast Furnace
57:31 Halberdier
59:55 Two-Man Saw
59:30 Scale Mail Armor
63:03 Chain Mail Armor
63:25 Plate Barding Armor
62:49 Murder Holes
65:04 Caravan
白馬义从
0:54 Loom
10:45 Feudal Age
12:09 Double-Bit Axe
19:03 Castle Age
18:45 Stone Mining
18:47 Gold Mining
20:59 Town Watch
21:08 Fletching
24:17 Fortified Wall
24:34 Bow Saw
25:36 Forging
25:26 Bodkin Arrow
26:25 Wheelbarrow
27:53 Masonry
28:46 Gold Shaft Mining
31:49 Scale Barding Armor
31:25 Elite Skirmisher
35:43 Imperial Age
34:01 Husbandry
34:07 Padded Archer Armor
34:41 Hand Cart
35:53 Iron Casting
36:53 Ballistics
36:39 Cavalier
38:04 Heavy Scorpion
43:14 Chemistry
41:48 Paladin
42:58 Town Patrol
44:24 Chain Barding Armor
44:04 Scale Mail Armor
44:28 Leather Archer Armor
43:54 Capped Ram
45:37 Conscription
47:02 Light Cavalry
49:05 Pikeman
49:45 Squires
49:31 Gambesons
51:52 Chain Mail Armor
52:19 Arson
63:35 Hoardings
63:51 Architecture
63:28 Siege Engineers
63:06 Treadmill Crane
63:13 Arrowslits
63:28 Murder Holes
Loveytjs
10:03 Feudal Age
15:45 Castle Age
15:40 Double-Bit Axe
17:33 Horse Collar
21:17 Bow Saw
23:13 Heavy Plow
24:20 Fletching
24:37 Squires
26:30 Gold Mining
26:31 Stone Mining
27:28 Crossbowman
28:40 Ballistics
35:57 Imperial Age
33:47 Stone Mining
35:00 Wheelbarrow
35:15 Gold Shaft Mining
36:47 Hand Cart
36:06 Arbalester
37:49 Chemistry
37:16 Pikeman
38:42 Halberdier
50:32 Forging
52:39 Bodkin Arrow
53:20 Iron Casting
55:36 Blast Furnace
54:36 Bracer
54:39 Scale Mail Armor
54:41 Padded Archer Armor
55:28 Masonry
55:34 Fortified Wall
55:50 Arson
57:56 Two-Man Saw
59:13 Leather Archer Armor
59:13 Chain Mail Armor
60:55 Ring Archer Armor
60:30 Arrowslits
61:18 Architecture
63:18 Yeomen
63:32 Conscription
64:16 Plate Mail Armor
65:43 Elite Longbowman
72:34 Caravan
73:05 Coinage
72:45 Guilds
77:32 Loom
我血你
13:43 Feudal Age
15:24 Double-Bit Axe
19:26 Castle Age
17:24 Horse Collar
18:47 Stone Mining
20:03 Wheelbarrow
20:37 Bow Saw
21:01 Heavy Plow
21:55 Gold Mining
25:13 Hand Cart
27:41 Loom
30:24 Gold Shaft Mining
34:16 Imperial Age
32:31 Padded Archer Armor
32:21 Fletching
33:13 Scale Barding Armor
34:03 Ballistics
33:44 Murder Holes
34:05 Masonry
34:07 Husbandry
38:43 Bloodlines
40:28 Elite Janissary
41:09 Artillery
41:29 Conscription
41:29 Leather Archer Armor
41:35 Chain Barding Armor
43:00 Ring Archer Armor
42:42 Forging
46:29 Hoardings
47:27 Bodkin Arrow
59:30 Caravan
63:38 Bracer
64:04 Bombard Tower
Pets_T饕
11:16 Feudal Age
12:42 Double-Bit Axe
16:14 Castle Age
14:39 Stone Mining
16:48 Wheelbarrow
17:40 Bow Saw
17:57 Loom
23:06 Fletching
26:59 Bodkin Arrow
28:38 Gold Mining
35:24 Hand Cart
35:12 Horse Collar
40:17 Imperial Age
40:25 Stone Shaft Mining
42:06 Town Watch
43:41 Town Patrol
44:06 Bloodlines
43:56 Husbandry
44:11 Forging
44:07 Scale Barding Armor
44:03 Bracer
45:01 Heavy Plow
46:39 Cavalier
48:02 Elite Conquistador
49:03 Conscription
48:23 Elite Conquistador
49:24 Supremacy
48:55 Paladin
49:27 Pikeman
50:07 Squires
54:34 Iron Casting
53:59 Scale Mail Armor
54:19 Chain Barding Armor
54:04 Halberdier
56:23 Blast Furnace
55:54 Scale Mail Armor
60:11 Chain Mail Armor
60:32 Plate Barding Armor
60:13 Chain Mail Armor
63:52 Plate Mail Armor
63:57 Guilds
63:47 Caravan
64:01 Guilds
68:04 Chemistry
67:15 Fortified Wall
68:34 Two-Man Saw
71:41 Ballistics
71:32 Masonry
73:43 Arson
77:09 Architecture
HeartNett
11:35 Feudal Age
12:02 Double-Bit Axe
12:49 Horse Collar
18:31 Castle Age
16:50 Gold Mining
17:39 Stone Mining
19:38 Bow Saw
21:10 Wheelbarrow
21:33 Heavy Plow
22:43 Hand Cart
25:47 Gold Shaft Mining
25:56 Marauders
26:23 Bloodlines
26:17 Husbandry
26:35 Forging
26:31 Scale Barding Armor
33:01 Imperial Age
32:56 Iron Casting
33:36 Caravan
35:01 Two-Man Saw
36:04 Chain Barding Armor
36:47 Blast Furnace
36:01 Elite Tarkan
39:47 Plate Barding Armor
Connection lost

Rejoining the realm…

Still unreachable

The connection could not be restored.

Session expired

The server has moved on; the page needs a fresh start.